cohdb
Replays
Latest Replays
All Replays
Popular Replays
Top Player Replays
Match Explorer
How It Works
Community
CoH3 Stats
Reddit
Sign in to upload your games and track your stats! →
Sign in with Steam
Match 41401753
Unlisted
Match 41401753
Overview
Messages
Build Orders
End
Kettenkrad Recon Vehicle
Construct Infanterie Kompanie
Grenadier Squad
Grenadier Squad
MG 42 Machine Gun Team
Selects Terror Battlegroup
Selects Machine Gun Camouflage
Construct Luftwaffe Kompanie
Flak 30 Anti-aircraft Gun Team
GrW 34 Mortar Team
Support Elements
Wirbelwind Flakpanzer
MG 42 Machine Gun Team
Selects Contempt for the Weak
Infanterie Officer Quarters
Sniper
Wirbelwind Flakpanzer
Luftwaffe Officer Quarters
Side Skirts
Marder III M Tank Destroyer
Selects Jericho Trumpet
Selects V1 Rocket Strike
麥尬武村
Sarmynation
0
0
Comments
sign in to comment!
No comments posted yet!